Map: Eternal Empire LE

Players

ViBE

  • Race: Zerg Zerg
  • League: Grandmaster
  • Spawn Location: 1:00

A.I. 1 (Medium) - Winner!

  • Race: Terran Terran
  • Spawn Location: 7:00

VOD

Have the link to the VOD?

Description

Time

  • Played on: May 26, 2020, 12:34 a.m.
  • Length: 11:59
Show
View Real Time Build Order
Export as new Build Order

ViBE Zerg 

Build Orders: Hatch First 

Get SALT Encoding   

  12  0:01  Drone  
  13  0:13  Overlord  
  13  0:20  Drone  
  14  0:32  Drone x2  
  16  0:44  Drone  
  17  0:53  Hatchery  
  16  0:58  Drone  
  16  1:00  Drone  
  18  1:15  Spawning Pool  
  18  1:16  Drone  
  18  1:20  Drone  
  19  1:28  Drone  
  20  1:34  Extractor  
  19  1:44  Drone  
  20  1:55  Overlord  
  20  2:00  Drone  
  21  2:06  Queen x2  
  21  2:07  Drone  
  26  2:11  Zergling x2  
  27  2:16  Zergling x2  
  28  2:25  Drone  
  28  2:28  Drone  
  30  2:36  Drone  
  31  2:42  Overlord  
  31  2:44  Queen  
  31  2:46  Lair  
  31  2:50  Overlord  
  33  2:54  Overlord  
  33  3:02  Drone x2  
  35  3:08  Drone  
  35  3:11  Drone  
  37  3:15  Drone x3  
  37  3:18  Drone x3  
  43  3:23  Roach Warren  
  42  3:27  Evolution Chamber  
  42  3:28  Extractor  
  42  3:30  Extractor  
  39  3:35  Drone x3  
  42  3:46  Evolution Chamber  
  42  3:48  Drone x6  
  47  3:54  Drone x3  
  50  4:01  Drone  
  51  4:03  Zerg Missile Weapons Level 1  
  51  4:04  Glial Reconstitution  
  51  4:08  Overlord  
  51  4:21  Hatchery  
  50  4:26  Roach  
  50  4:28  Roach x2  
  56  4:37  Roach x2  
  56  4:38  Overlord  
  59  4:58  Extractor  
  59  4:59  Roach  
  62  5:00  Roach x3  
  62  5:01  Drone  
  62  5:03  Overlord x3  
  67  5:09  Overlord  
  67  5:20  Queen  
  69  5:21  Drone  
  69  5:22  Drone x3  
  69  5:27  Drone  
  74  5:34  Drone x2  
  76  5:38  Drone x3  
  76  5:39  Drone  
  76  5:40  Drone x3  
  83  5:45  Drone  
  83  5:49  Drone  
  85  5:54  Hydralisk Den  
  79  5:57  Drone x3  
  79  6:02  Extractor x2  
  74  6:05  Drone  
  74  6:09  Hatchery, Zerg Missile Weapons Level 2  
  74  6:10  Zerg Ground Armor Level 1  
  74  6:15  Drone  
  74  6:16  Drone x9  
  84  6:23  Grooved Spines  
  84  6:52  Infestation Pit  
  84  6:54  Drone x12  
  95  7:06  Hatchery  
  94  7:10  Drone x6  
  94  7:15  Extractor  
  99  7:19  Extractor, Overlord x5  
  99  7:21  Hydralisk x4  
  106  7:35  Muscular Augments  
  106  7:38  Hydralisk, Hive  
  106  7:39  Hydralisk x7  
  122  7:46  Hydralisk x6  
  134  7:52  Drone  
  134  7:53  Spire  
  134  7:58  Hydralisk x4  
  134  8:03  Overlord  
  142  8:06  Overlord x2  
  142  8:07  Overlord  
  142  8:08  Overlord  
  142  8:16  Hydralisk x4  
  142  8:19  Hydralisk x2  
  154  8:27  Hydralisk x4  
  154  8:28  Hydralisk  
  154  8:30  Drone  
  154  8:34  Hydralisk x3  
  165  8:38  Hydralisk x2  
  175  8:46  Hydralisk x4  
  175  8:48  Hydralisk  
  185  8:51  Hydralisk  
  185  8:52  Hydralisk  
  189  8:56  Overlord  
  189  8:57  Hydralisk x2  
  189  9:01  Hydralisk  
  189  9:02  Hydralisk  
  197  9:07  Metabolic Boost  
  197  9:10  Greater Spire  
  197  9:13  Zerg Missile Weapons Level 3  
  197  9:15  Zerg Ground Armor Level 2  
  197  9:21  Hydralisk  
  197  9:56  Overseer x2  
  197  10:26  Adrenal Glands  
  197  10:37  Unknown  
Show
View Real Time Build Order
Export as new Build Order

A.I. 1 (Medium) Terran - Winner!

Build Orders:  

Get SALT Encoding   

  12  0:00  SCV  
  13  0:13  SCV  
  14  0:18  Supply Depot  
  14  0:25  SCV  
  15  0:40  SCV  
  16  0:43  Barracks  
  16  0:49  Refinery  
  16  0:52  SCV  
  17  1:04  SCV  
  18  1:17  Supply Depot  
  18  1:31  Marine  
  18  1:32  Orbital Command, Barracks  
  19  1:42  Refinery  
  19  1:50  Barracks Tech Lab  
  21  2:08  Marauder  
  21  2:09  Supply Depot  
  21  2:18  Marine  
  24  2:30  Marauder  
  24  2:31  SCV  
  25  2:37  Marine  
  25  2:43  SCV  
  27  2:46  Supply Depot  
  27  2:50  Marine  
  28  2:54  Engineering Bay  
  28  2:55  SCV  
  29  3:07  SCV  
  29  3:09  Marauder  
  32  3:19  SCV  
  33  3:30  Marauder  
  33  3:31  SCV  
  36  5:02  Barracks Tech Lab  
  36  5:03  Marine, SCV  
  36  5:04  Factory  
  38  5:08  Factory  
  38  5:10  Missile Turret  
  38  5:12  Missile Turret  
  38  5:14  Supply Depot  
  38  5:15  SCV  
  38  5:16  Barracks  
  38  5:21  Marine  
  40  5:32  Bunker  
  40  5:37  Sensor Tower  
  40  5:39  Supply Depot  
  40  5:51  Marine  
  40  5:52  Factory Tech Lab x2, Starport  
  34  6:04  Marine  
  30  6:07  Command Center  
  30  6:16  Marine  
  31  6:26  Armory  
  31  6:29  Starport Tech Lab, Marine  
  32  6:33  Barracks Reactor  
  32  6:43  Marauder  
  34  6:47  Raven  
  36  6:56  Marauder  
  38  7:08  Siege Tank  
  41  7:20  SCV  
  41  7:21  Siege Tank  
  45  7:23  SCV  
  45  7:25  Refinery  
  45  7:29  Missile Turret  
  46  7:30  Raven  
  46  7:31  Missile Turret  
  46  7:32  SCV  
  46  7:33  Refinery  
  46  7:35  SCV  
  50  7:40  Cyclone  
  53  7:44  SCV  
  53  7:47  SCV  
  55  7:52  Bunker  
  55  7:56  SCV  
  56  7:59  SCV  
  57  8:08  SCV  
  57  8:11  SCV  
  59  8:20  SCV  
  59  8:23  SCV  
  61  8:33  SCV  
  62  8:35  SCV  
  63  8:45  SCV  
  63  8:48  SCV  
  64  8:57  SCV  
  64  9:00  SCV  
  66  9:09  SCV  
  67  9:12  SCV  
  68  9:21  SCV  
  70  9:24  SCV  
  70  9:27  Supply Depot  
  70  9:30  Medivac, Marine  
  70  9:31  Combat Shield, Stimpack  
  73  9:32  Terran Infantry Weapons Level 1  
  73  9:33  Starport, SCV  
  73  9:34  Ghost Academy  
  73  9:36  Marine  
  73  9:37  Fusion Core  
  75  9:41  Engineering Bay  
  75  9:43  Armory  
  75  9:47  Marine  
  75  9:50  Supply Depot  
  60  9:53  Marine  
  60  9:59  Marine  
  62  10:00  Medivac  
  62  10:05  Marine  
  65  10:10  Starport Reactor  
  65  10:11  Marauder  
  67  10:16  Marine  
  68  10:22  Marine  
  68  10:28  Marine  
  70  10:30  Raven  
  70  10:33  Marine  
  66  10:40  Marauder  
  68  10:52  Marauder, Concussive Shells  
  70  10:57  Command Center  
  70  11:02  Marauder  
  72  11:12  Raven, Ghost  
Tags
 
Matchup
TvZ
Player
ViBE
Spawn Locations
Cross Positions
Add a new tag
Caveats
  • Supply blocks, unpowered buildings, or Contaminate may cause inaccurate times.
  • Supply counts are checked every 10 seconds.